 Dungeon Crawl Stone Soup version 0.22-a0-565-gfc6459a524 (webtiles) character file.

21 Kholdaimon the Magician (level 2, 0/19 HPs)
             Began as a Mummy Wizard on June 28, 2018.
             Slain by Jessica
             ... wielding a +0 club
              (4 damage)
             ... on level 2 of the Dungeon.
             The game lasted 00:10:08 (1324 turns).

Kholdaimon the Magician (Mummy Wizard)              Turns: 1324, Time: 00:10:08

Health: 0/19       AC:  2    Str: 10    XL:     2   Next: 62%
Magic:  0/7        EV: 12    Int: 17    God:
Gold:   94         SH:  0    Dex: 10    Spells: 6/9 levels left

rFire    x . .     SeeInvis .   n - +2 whip (elec)
rCold    + . .     Gourm    .   (no shield)
rNeg     + + +     Faith    .   a - +0 robe
rPois    ∞         Spirit   .   b - +0 hat
rElec    .         Reflect  .   (no cloak)
rCorr    .         Harm     .   (no gloves)
MR       .....                  (no boots)
Stlth    ++........             (no amulet)
HPRegen  0.06/turn              (no ring)
MPRegen  0.10/turn              (no ring)

@: slowed, very slow
A: no food or potions, fire vulnerability, cold resistance 1, negative energy
resistance 3, torment resistance, unbreathing
a: no special abilities


You were on level 2 of the Dungeon.
You were not hungry.

You visited 1 branch of the dungeon, and saw 2 of its levels.

You collected 94 gold pieces.

Inventory:

Hand Weapons
 n - a +2 whip of electrocution (weapon)
Missiles
 f - 45 stones (quivered)
 g - a throwing net
 l - 2 javelins
Armour
 a - a +0 robe (worn)
 b - a +0 hat (worn)
 d - a cursed +0 robe
 i - a scarf of resistance
 j - a cursed +0 ring mail
Jewellery
 e - a +2 ring of slaying {unknown}
Scrolls
 c - a scroll of random uselessness {unknown}
 h - 3 scrolls of identify {unknown}
 k - a scroll of enchant weapon {unknown}
 m - a scroll of teleportation {unknown}


   Skills:
 + Level 1.9 Dodging
 + Level 2.0 Stealth
 + Level 4.3 Spellcasting
 + Level 1.2 Conjurations
 - Level 0.7 Summonings
   Level 0.7 Translocations


You had 6 spell levels left.
You knew the following spells:

 Your Spells              Type           Power        Failure   Level  Hunger
a - Magic Dart            Conj           #...         10%         1    N/A
b - Call Imp              Summ           #.......     17%         2    N/A

Your spell library contained the following spells:

 Spells                   Type           Power        Failure   Level  Hunger
 Conjure Flame            Conj/Fire      #.......     34%         3    N/A
 Slow                     Hex            #.......     24%         2    N/A
 Mephitic Cloud           Conj/Pois/Air  #.......     36%         3    N/A
 Blink                    Tloc           N/A          17%         2    N/A

Dungeon Overview and Level Annotations

Branches:
Dungeon (2/15)

Altars:

Annotations:
D:2 Jessica, Sigmund


Innate Abilities, Weirdness & Mutations

You do not eat or drink.
Your flesh is vulnerable to fire.
You are immune to poison.
Your flesh is cold resistant. (rC+)
You are immune to negative energy. (rN+++)
You are immune to unholy pain and torment.
You can survive without breathing.


Message History

t - Shout!
Orders for allies: a - Attack new target. p - Attack previous target. r - Retreat! s - Stop attacking. g - Guard the area. f - Follow me.
Anything else - Cancel.
Gang up on whom?
Press: ? - help, Dir - move target cursor, f/p - Sigmund
Aim: Sigmund, wielding a scythe and wearing a runed robe (moderately wounded) Attack!
Sigmund barely misses your shadow imp. Jessica hits you with a club.
* * * LOW HITPOINT WARNING * * *
Your shadow imp hits Sigmund.
You hit Jessica.
Jessica is almost dead.
Jessica points at you and mumbles some strange words.
You feel yourself slow down.
Your shadow imp barely misses Sigmund.
Sigmund hits your shadow imp with a scythe!
You closely miss Jessica.
Jessica is almost dead.
Jessica hits you with a club.
You die...

###########
#.........#
#†#######.# #.# #.#
######.#######.#
..).....@>#.....#
###.###.#@#.#.###
...#.#.#.#######
.....#5#.........#
#.###.#@#.#.#######
# #.#g#.#.#
..........#.#
#####......†#
.......#.#
#.#g###.#.#


You could see Sigmund, Jessica, a goblin and a friendly shadow imp.

Vanquished Creatures
  A worm (D:2)
  A dart slug (D:1)
  2 bats (D:2)
  A giant cockroach (D:2)
  A goblin (D:1)
  2 hobgoblins (D:1)
  A quokka (D:2)
  2 ball pythons
  3 kobolds (D:1)
14 creatures vanquished.

Notes
Turn   | Place    | Note
-------+----------+-------------------------------------------
     0 | D:1      | Kholdaimon the Mummy Wizard began the quest for the Orb.
     0 | D:1      | Reached XP level 1. HP: 13/13 MP: 5/5
   305 | D:1      | Reached skill level 1 in Conjurations
   743 | D:1      | Reached XP level 2. HP: 15/19 MP: 7/7
   747 | D:1      | Learned a level 2 spell: Call Imp
  1304 | D:2      | Noticed Sigmund
  1310 | D:2      | Noticed Jessica
  1324 | D:2      | Slain by Jessica

Vault maps used:
D:1:      minmay_arrival_split_and_join
D:2:      uniq_jessica, uniq_sigmund

Skill      XL: |  1  2 |
---------------+-------+-----
Conjurations   | 1 |  1.2
Stealth        | 2 |  2.0
Dodging        | |  1.9
Spellcasting   | |  4.3
Summonings     | |  0.7
Translocations | |  0.7

Action                   || total
-------------------------++-------
Melee: Whip              ||    17
 Cast: Magic Dart        ||    37
       Call Imp          ||     3
 Stab: Sleeping          ||     2
Armor: Robe              ||     3
Dodge: Dodged            ||     7

Table legend:
 A = Spawn XP
 B = Non-spawn XP
 C = Spawn XP percentage of total XP
 D = Spawn monster count
 E = Non-spawn monster count
 F = Spawn count percentage of total count
 G = Total turns spent on level
                    A         B        C        D         E        F      G
               +---------+---------+-------+---------+---------+-------+---------
         Total |       0 |      30 |   0.0 |       0 |      14 |   0.0 |  1324
               +---------+---------+-------+---------+---------+-------+---------
           D:1 |       0 |      16 |   0.0 |       0 |       8 |   0.0 |   854
           D:2 |       0 |      14 |   0.0 |       0 |       6 |   0.0 |   470
               +---------+---------+-------+---------+---------+-------+---------
